 Dungeon Crawl Stone Soup version 0.17-a0-1139-g49cbdf8 (webtiles) character file.

57 Jine the Skirmisher (level 3, -4/29 HPs)
             Began as a Demonspawn Abyssal Knight on May 26, 2015.
             Was a Believer of Lugonu.
             Slain by a gnoll (5 damage)
             ... on level 2 of the Dungeon.
             The game lasted 00:03:01 (1895 turns).

Jine the Skirmisher (Demonspawn Abyssal Knight)     Turns: 1895, Time: 00:03:01

Health: -4/29      AC: 10    Str: 13    XL:     3   Next: 73%
Magic:  4/4        EV: 11    Int: 13    God:    Lugonu [**....]
Gold:   112        SH:  0    Dex: 12    Spells: 0 memorised, 2 levels left

rFire  . . .     SeeInvis .     a - +1 falchion
rCold  . . .     Clarity  .     k - +0 ring mail
rNeg   . . .     SustAt   .     (no shield)
rPois  .         Gourm    .     (no helmet)
rElec  .         Spirit   .     n - +0 cloak
rCorr  .         Warding  .     (no gloves)
rMut   .         Stasis   .     (no boots)
MR     .....                    (no amulet)
Stlth  +.........               (no ring)
                                (no ring)

@: not resistant to hostile enchantments, very unstealthy
A: iridescent scales 1
a: Depart the Abyss, Bend Space, Renounce Religion


You were on level 2 of the Dungeon.
You worshipped Lugonu.
Lugonu was pleased with you.
You were hungry.

You visited 1 branch of the dungeon, and saw 2 of its levels.
You visited the Abyss 1 time.

You collected 112 gold pieces.

Inventory:

Hand weapons
 a - a +1 falchion (weapon)
Armour
 b - a +0 leather armour
 f - a +0 shield
 k - a +0 ring mail (worn)
 n - a +0 cloak (worn)
Scrolls
 g - 3 scrolls of remove curse {unknown}
 h - 2 scrolls of teleportation {unknown}
 l - 3 scrolls of fog {unknown}
 m - 3 scrolls of identify {unknown}
 o - a scroll of recharging {unknown}
Potions
 d - a potion of heal wounds {unknown}
 e - 3 potions of curing {unknown}
 j - a potion of haste {unknown}
Comestibles
 c - 2 bread rations
 i - a meat ration


   Skills:
 + Level 3.5 Fighting
 * Level 2.4 Long Blades
 + Level 1.9 Armour
 + Level 2.1 Dodging
 + Level 2.6 Invocations


You had 2 spell levels left.
You didn't know any spells.

Dungeon Overview and Level Annotations

Branches:
Dungeon (2/15)

Altars:
Okawaru
Qazlal


Innate Abilities, Weirdness & Mutations

You are partially covered in iridescent scales (AC +4).


Message History

The gnoll closely misses you. The gnoll misses you.
The gnoll hits you from afar with a spear.
You hit the gnoll but do no damage.
The gnoll is moderately wounded.
The gnoll hits you.
* * * LOW HITPOINT WARNING * * *
The gnoll hits you but does no damage. The gnoll closely misses you.
You closely miss the gnoll.
The gnoll is moderately wounded.
The gnoll hits you but does no damage. The gnoll hits you with a whip.
* * * LOW HITPOINT WARNING * * *
The gnoll hits you but does no damage. The gnoll misses you.
You hit the gnoll.
The gnoll is severely wounded.
The gnoll hits you with a whip.
* * * LOW HITPOINT WARNING * * *
The gnoll barely misses you. x2
The gnoll hits you but does no damage. The gnoll hits you.
You die...

# ## .# .##### #
....†#### .####
.###....###########g.....
.# ####.......[.@†gg...#
#########..###..g###...._
...........#E#...#E# .#.
.#########.###...###
.##### #...........
.....# #....._....#.
####.# ##...........#
#.## ####...###.#
####..###### .#


You could see a water elemental and 4 gnolls.

Vanquished Creatures
  An adder (D:2)
  An ooze (D:2)
  2 worms (D:2)
  2 giant geckos
  2 giant cockroaches (D:2)
  5 goblins
  5 hobgoblins
  2 jackals (D:2)
  4 kobolds
  A ball python (D:2)
  6 bats (D:1)
  2 giant newts (D:1)
  4 rats
37 creatures vanquished.

Notes
Turn   | Place    | Note
--------------------------------------------------------------
     0 | Abyss:1  | Jine the Demonspawn Abyssal Knight began the quest for the Orb.
     0 | Abyss:1  | Reached XP level 1. HP: 18/18 MP: 2/2
    18 | D:1      | Escaped the Abyss
   187 | D:1      | Reached skill level 1 in Dodging
   274 | D:1      | Gained mutation: You are partially covered in iridescent scales (AC +4). [demonic ancestry]
   274 | D:1      | Reached XP level 2. HP: 24/24 MP: 3/3
   536 | D:1      | Acquired Lugonu's second power
   938 | D:2      | Reached XP level 3. HP: 4/29 MP: 4/4
  1874 | D:2      | Noticed a fire elemental
  1876 | D:2      | Found a stormy altar of Qazlal.
  1878 | D:2      | Noticed a water elemental
  1881 | D:2      | Found an iron altar of Okawaru.
  1894 | D:2      | HP: 1/29 [gnoll/whip (3)]
  1895 | D:2      | Slain by a gnoll

Vault maps used:
D:1:      minmay_arrival_plants_in_alcoves, minmay_misc_feat_roman
D:2:      okawaru_metal_pillars_1_2, nicolae_qazlal_style_of_elements
Abyss:1:  hangedman_abyss_overflow_altar

Action                   || total
-------------------------++-------
Melee: Falchion          ||   136
  Eat: Beef jerky        ||     1
       Chunk             ||     1
